 Dungeon Crawl Stone Soup version 0.18-a0-775-g4d9e04e (webtiles) character file.

45 Arkorax the Ruffian (level 3, -5/34 HPs)
             Began as a Naga Monk on Dec 13, 2015.
             Slain by an ogre
             ... wielding a +0 giant club
              (11 damage)
             ... on level 4 of the Dungeon.
             The game lasted 00:02:57 (1856 turns).

Arkorax the Ruffian (Naga Monk)                     Turns: 1856, Time: 00:02:57

Health: -5/34      AC:  4    Str: 14    XL:     3   Next: 64%
Magic:  3/3        EV:  6    Int: 10    God:
Gold:   125        SH:  7    Dex: 13    Spells: 0 memorised, 2 levels left

rFire  . . .     SeeInvis +       - Unarmed
rCold  . . .     Clarity  .     k - +0 ring mail
rNeg   . . .     SustAt   .     d - +0 shield
rPois  +         Gourm    .     (no helmet)
rElec  .         Spirit   .     c - +0 cloak (curse)
rCorr  .         Dismiss  .     (no gloves)
rMut   .         Stasis   .     (no barding)
MR     .....                    (no amulet)
Stlth  ++........               (no ring)
                                (no ring)

@: flying, very slow, not resistant to hostile enchantments, unstealthy
A: see invisible, deformed body, poison resistance, slowness 2, slow metabolism
1, spit poison 2, AC +1
a: Spit Poison


You were on level 4 of the Dungeon.
You were not hungry.

You visited 1 branch of the dungeon, and saw 4 of its levels.

You collected 125 gold pieces.

Inventory:

Armour
 c - a cursed +0 cloak (worn)
 d - a +0 shield (worn)
 k - a +0 ring mail (worn)
Scrolls
 a - a scroll of blinking {unknown}
 e - 2 scrolls of identify {unknown}
 g - a scroll of enchant weapon {unknown}
 i - 2 scrolls of teleportation {unknown}
 l - a scroll of immolation {unknown}
Potions
 h - 2 potions of flight
Comestibles
 b - 3 bread rations
 f - a meat ration


   Skills:
 + Level 3.6 Fighting
 - Level 2.4 Dodging
 - Level 3.0 Stealth
 + Level 1.2 Shields
 + Level 4.4 Unarmed Combat


You had 2 spell levels left.
You didn't know any spells.

Dungeon Overview and Level Annotations

Branches:
Dungeon (4/15)
 Temple: D:4-7

Altars:


Innate Abilities, Weirdness & Mutations

You cannot wear boots.
Your serpentine skin is tough (AC +1).
You have supernaturally acute eyesight.
Armour fits poorly on your strangely shaped body.
Your system is resistant to poisons.
You cover ground very slowly.
You have a slow metabolism.
You can spit poison.


Message History

You block the ogre's attack.
Drink which item? (? for menu, Esc to quit)
Okay, then.
Drink which item? (? for menu, Esc to quit)
Okay, then.
You block the ogre's attack.
Found 11 gold pieces.
Press: ? - help, Shift-Dir - straight line, f/p - ogre
Aim: an ogre, wielding a giant club (moderately wounded)
The splash of poison hits the ogre.
The ogre is heavily wounded.
You feel slightly more hungry. The ogre hits you with a giant club.
* * * LOW HITPOINT WARNING * * *
You aren't carrying any items that can be evoked.
You have got your breath back.
Found a stone staircase leading down.
You block the ogre's attack.
You see here a hand axe.
The ogre hits you with a giant club!
You die...

.................#
........########.#
.....##.# #.#
.#.#.##.### #.#
.#........# #.####
$###.##.#.# #....#
.###.##.#)# #.##.#
.....##.#.# #O# #
.....##.#.### #@#
.....<..#..># #$#
........###.# #.#
..........#.# #>.
............# ###
..........###
..###...###
........#
..####.##


You could see an ogre.

Vanquished Creatures
  2 worms
  6 hobgoblins (D:1)
  2 jackals (D:2)
  2 quokkas (D:2)
  7 ball pythons
  2 bats
  A giant cockroach (D:2)
  A giant gecko (D:1)
  6 goblins
  6 kobolds
  6 rats
41 creatures vanquished.

Notes
Turn   | Place    | Note
--------------------------------------------------------------
     0 | D:1      | Arkorax the Naga Monk began the quest for the Orb.
     0 | D:1      | Reached XP level 1. HP: 21/21 MP: 1/1
   188 | D:1      | Reached XP level 2. HP: 28/28 MP: 2/2
   882 | D:1      | Reached skill level 1 in Shields
   916 | D:1      | Reached XP level 3. HP: 34/34 MP: 3/3
  1793 | D:2      | You fall through a shaft for 2 floors!
  1803 | D:4      | Noticed an ogre
  1856 | D:4      | Slain by an ogre

Vault maps used:
D:1:      dpeg_arrival_water_temple_mockup, minmay_shallow_snake_nest
D:2:      first_bread
D:3:      wad_floor_pattern_1
D:4:      kennysheep_mini_moat, nicolae_ru_path_of_blood, grunt_decor_arrowhead,
          minmay_fountain_box

Action                   || total
-------------------------++-------
Melee: Unarmed           ||   138
 Abil: Spit Poison       ||     5
  Use: Potion            ||     2
 Stab: Sleeping          ||     6
  Eat: Chunk             ||     2
